 Dungeon Crawl Stone Soup version 0.27-a0-1378-gdefffd1ff6 (webtiles) character file.

Game seed: 3655297588840617534

249 Tocho the Chopper (level 6, 0/79 HPs)
             Began as a Hill Orc Fighter on June 29, 2021.
             Slain by an iguana (7 damage)
             ... on level 4 of the Dungeon.
             The game lasted 00:07:06 (4623 turns).

Tocho the Chopper (Hill Orc Fighter)                Turns: 4623, Time: 00:07:06

Health: 0/79       AC: 23    Str: 19    XL:     6   Next: 12%
Magic:  7/7        EV:  2    Int: 10    God:
Gold:   163        SH:  0    Dex: 10    Spells: 6/7 levels left

rFire    . . .     SeeInvis .   a - +0 war axe (vorpal)
rCold    . . .     Faith    .   (no shield)
rNeg     + + +     Spirit   .   (armour currently unavailable)
rPois    +         Reflect  .   (helmet currently unavailable)
rElec    .         Harm     .   (cloak currently unavailable)
rCorr    .         Rampage  .   (gloves currently unavailable)
Will     .....     NoTele   +   (boots currently unavailable)
Stlth    +.........             (no amulet)
HPRegen  0.23/turn              (no ring)
MPRegen  0.10/turn              (no ring)

@: mighty, tree-form, hasted, very quick
A: stationary, stasis, torment immunity, boosted hp
a: no special abilities


You were on level 4 of the Dungeon.
You were a tree.
You visited 1 branch of the dungeon, and saw 4 of its levels.

You collected 163 gold pieces.

Inventory:

Hand Weapons
 a - a +0 vorpal war axe (weapon)
Armour
 b - a +0 scale mail
 c - a +0 kite shield
 p - a +0 robe
 q - a +0 leather armour (melded)
Jewellery
 f - a ring of flight
 l - an amulet of faith
 r - an amulet of the acrobat
Scrolls
 g - a scroll of holy word {unknown}
 i - a scroll of noise {unknown}
 j - a scroll of amnesia
 k - a scroll of enchant weapon {unknown}
 o - a scroll of identify {unknown}
Potions
 m - 2 potions of haste
 s - 2 potions of berserk rage {unknown}


   Skills:
 + Level 4.3 Fighting
 + Level 5.0 Axes
 + Level 4.0 Armour
 + Level 1.0 Dodging
 + Level 0.3 Stealth
 + Level 3.5 Shields
 + Level 1.3 Spellcasting
 + Level 2.0 Conjurations


You had 6 spell levels left.
You knew the following spells:

 Your Spells              Type           Power      Damage    Failure   Level
a - Magic Dart            Conj           16%        1d3       14%         1

Your spell library contained the following spells:

 Spells                   Type           Power      Damage    Failure   Level
 Searing Ray              Conj           8%         3d3       22%         2
 Dazzling Flash           Conj/Hex       4%         N/A       54%         3
 Fulminant Prism          Conj/Hex       1%         3d6       91%         4
 Iskenderun's Mystic Bla  Conj/Tloc      2%         2d3       91%         4


Dungeon Overview and Level Annotations

Branches:
Dungeon (4/15)             Temple (0/1) D:4

Altars:
Dithmenos
Okawaru

Annotations:
D:4 Pikel


Message History

Robin roars a battlecry!
The goblins go into a battle-frenzy!
The goblin hits you but does no damage.
You slash the goblin!
You kill the goblin!
You barely miss the goblin. You slash the goblin!
You kill the goblin!
The goblin no longer looks unusually strong.
A necrophage comes into view.
The goblin unwields a +0 hunting sling.
The goblin wields a +0 club.
The goblin hits you but does no damage.
You nearly hit yourself!
You feel less confused. Robin throws the goblin at you!
You slash the hobgoblin!
You kill the hobgoblin!
You slash the goblin!
You kill the goblin!
You barely miss the goblin. Robin throws the goblin at you!
* * * LOW HITPOINT WARNING * * *
The goblin hits you but does no damage. x2
Your Axes skill increases to level 5!
You slice the goblin!!
You kill the goblin!
You barely miss the goblin. The goblin hits you but does no damage.
You closely miss Robin. You barely miss the goblin.
Robin hits you with a +0 dagger.
* * * LOW HITPOINT WARNING * * *
You slash Robin!
You kill Robin!
You hit the goblin. The goblin hits you with a +0 club.
* * * LOW HITPOINT WARNING * * *
Your Armour skill increases to level 4!
You barely miss the iguana. You barely miss the goblin.
The iguana bites you but does no damage.
The goblin hits you but does no damage.
You barely miss the iguana. You slash the goblin!
You kill the goblin!
The iguana bites you!
You die...

#.....g........#
#.g.g.o....#
.g.g..##gggl...#
.g... #..##..$#
.g.. #?###...##
... #.÷.#..!.##
gg ###o..gZ..# g
..####.##)#.####
.......nl♣)..(...
.......≈≈≈≈≈.....
.....≈≈≈≈≈≈≈≈≈...
...≈≈≈≈≈≈≈≈≈≈≈≈≈.
..≈≈≈≈≈≈≈≈≈≈≈≈≈≈≈
.)≈≈≈≈≈≈...≈≈≈≈≈≈
..≈≈≈≈≈≈.>.≈≈≈≈≈≈
#.
.≈≈≈≈≈≈...≈≈≈≈≈≈
##.. K...#


You could see a necrophage, an iguana, an orc and a hound skeleton.

Vanquished Creatures
  A necrophage (D:4)
  An orc wizard (D:4)
  Robin (D:4)
  4 adders
  A worm (D:2)
  A dart slug (D:1)
  3 orcs (D:3)
  4 ball pythons
  9 endoplasms
  3 giant cockroaches
  17 goblins
  6 hobgoblins
  12 jackals
  4 kobolds
  A quokka (D:1)
  A bat (D:3)
  5 frilled lizards
  6 rats
80 creatures vanquished.

Vanquished Creatures (others)
  2 plants (D:1)
2 creatures vanquished.

Grand Total: 82 creatures vanquished

Notes
Turn   | Place    | Note
-------+----------+-------------------------------------------
     0 | D:1      | Tocho the Hill Orc Fighter began the quest for the Orb.
     0 | D:1      | Reached XP level 1. HP: 19/19 MP: 1/1
    82 | D:1      | Reached XP level 2. HP: 16/27 MP: 2/2
    94 | D:1      | Learned a level 1 spell: Magic Dart
   444 | D:1      | Reached skill level 3 in Axes
   538 | D:1      | Reached XP level 3. HP: 33/33 MP: 0/3
  1637 | D:2      | Found a shadowy altar of Dithmenos.
  1851 | D:2      | You fall into a shaft and drop 1 floor!
  2023 | D:3      | Reached XP level 4. HP: 34/40 MP: 4/4
  2635 | D:2      | Found a faded altar of an unknown god.
  3235 | D:3      | Reached skill level 4 in Axes
  3571 | D:3      | Reached skill level 1 in Conjurations
  3899 | D:3      | Found an iron altar of Okawaru.
  4109 | D:4      | Noticed a necrophage
  4110 | D:4      | Noticed a lemure
  4111 | D:4      | Noticed a lemure
  4114 | D:4      | Noticed Pikel
  4120 | D:4      | Noticed a lemure
  4125 | D:4      | Noticed a lemure
  4126 | D:4      | Killed a necrophage
  4127 | D:4      | Reached skill level 1 in Spellcasting
  4127 | D:4      | Reached XP level 5. HP: 14/46 MP: 1/6
  4583 | D:4      | Noticed Robin
  4598 | D:4      | Found a staircase to the Ecumenical Temple.
  4611 | D:4      | Reached skill level 1 in Dodging
  4611 | D:4      | Reached XP level 6. HP: 10/53 MP: 7/7
  4616 | D:4      | Noticed a necrophage
  4619 | D:4      | Reached skill level 5 in Axes
  4621 | D:4      | Killed Robin
  4623 | D:4      | Slain by an iguana

Illustrated notes

Levels and vault maps discovered:
D:1:      minmay_arrival_semitransparent, layout_loops_cross, serial_forest,
          infiniplex_forest_clump_diagonal, infiniplex_forest_lined_corner,
          infiniplex_forest_pool, infiniplex_forest_lined_room_2,
          infiniplex_forest_end_3, infiniplex_forest_end_double,
          infiniplex_forest_fountain, infiniplex_forest_fountain
D:2:      layout_loops_ring, shapermc_ecumenical_altar_venn, basic_altar
D:3:      layout_loops_ring, kennysheep_okawaru_gauntlet
D:4:      layout_rooms, nemelex_xobeh_ov_fountains_minmay, temple_pool_b,
          serial_shops, shop, kennysheep_generic_room_5, uniq_robin, uniq_pikel

Skill      XL: |  1  2  3  4  5  6 |
---------------+-------------------+-----
Axes           | 3 4 5 |  5.0
Fighting       | 4 |  4.3
Conjurations   | 1 2 |  2.0
Spellcasting   | 1 |  1.3
Dodging        | 1 |  1.0
Armour         | 4 |  4.0
Stealth        | |  0.3
Shields        | |  3.5

Action                   |  1- 3 |  4- 6 || total
-------------------------+-------+-------++-------
Melee: War axe           |   123 |    81 ||   204
 Cast: Magic Dart        |     4 |    31 ||    35
  Use: Scroll            |       |     4 ||     4
       Potion            |       |     3 ||     3
Armor: Scale mail        |    68 |     9 ||    77
       Leather armour    |       |    14 ||    14
       Skin              |       |     9 ||     9
Dodge: Dodged            |    46 |    59 ||   105
Block: Kite shield       |    46 |       ||    46

Table legend: (Time is in decaauts)
 A = Elapsed time spent in this place.
 B = Non-inter-level travel time spent in this place.
 C = Inter-level travel time spent in this place.
 D = Time resting spent in this place.
 E = Time spent auto-exploring this place.
 F = Levels seen in this place.
 G = Mean time per level.
                   A        B        C        D        E       F      G
               +--------+--------+--------+--------+--------+-----+--------+
         Total |   4701 |   4476 |    225 |    673 |   3139 |   4 | 1175.2 |
       Dungeon |   4701 |   4476 |    225 |    673 |   3139 |   4 | 1175.2 |
               +--------+--------+--------+--------+--------+-----+--------+

Top non-repeatable levels by time:
     D:1: 1451 daAuts
     D:3: 1360 daAuts
     D:2: 1358 daAuts
     D:4: 531 daAuts
